 Dungeon Crawl Stone Soup version 0.20-a0-903-g7e3609c (webtiles) character file.

98 Goblin1989 the Twirler (level 5, -6/30 HPs)
             Began as a Kobold Gladiator on Mar 22, 2017.
             Was an Initiate of Okawaru.
             Killed by divine providence
             ... invoked by an orc priest
              (12 damage)
             ... on level 3 of the Dungeon.
             The game lasted 00:06:58 (2341 turns).

Goblin1989 the Twirler (Kobold Gladiator)           Turns: 2341, Time: 00:07:00

Health: -6/30      AC:  8    Str: 12    XL:     5   Next: 1%
Magic:  5/5        EV: 14    Int:  9    God:    Okawaru [......]
Gold:   80         SH:  0    Dex: 17    Spells: 4/4 levels left

rFire    . . .     SeeInvis .   a - +0 quarterstaff
rCold    . . .     Gourm    .   i - +0 ring mail
rNeg     . . .     Faith    .   (shield currently unavailable)
rPois    .         Spirit   .   c - +0 helmet
rElec    .         Reflect  .   (no cloak)
rCorr    .         Harm     .   (no gloves)
MR       .....                  (no boots)
Stlth    +.........             (no amulet)
Regen    0.1/turn               (no ring)
MPRegen  0.1/turn               (no ring)

@: no status effects
A: thin metallic scales 1, carnivore 3, subdued magic 1
a: Renounce Religion


You were on level 3 of the Dungeon.
You worshipped Okawaru.
Okawaru was noncommittal.
You were completely stuffed.

You visited 1 branch of the dungeon, and saw 3 of its levels.

You collected 80 gold pieces.

Inventory:

Hand Weapons
 a - a +0 quarterstaff (weapon)
Missiles
 Z - 3 throwing nets (quivered) {!d, =f}
Armour
 b - a +0 leather armour
 c - a +0 helmet (worn)
 i - a +0 ring mail (worn)
Jewellery
 e - an uncursed ring of poison resistance {unknown}
Scrolls
 d - 3 scrolls of identify {unknown}
 g - a scroll of remove curse {unknown}
 j - a scroll of fear {unknown}
 m - a scroll of immolation {unknown}
Comestibles
 f - a meat ration {@e2}
 h - 2 chunks of flesh
 k - a royal jelly


   Skills:
 - Level 2.1 Fighting
 + Level 4.8 Staves
 - Level 2.1 Throwing
 - Level 3.6 Dodging


You had 4 spell levels left.
You didn't know any spells.

Dungeon Overview and Level Annotations

Branches:
Dungeon (3/15)

Altars:
Okawaru

Annotations:
D:2 Sigmund


Innate Abilities, Weirdness & Mutations

You are small and have problems with some larger weapons.
You are carnivorous and can eat meat at any time.
You are partially covered in thin metallic scales. (AC +2)
Your spells are a little easier to cast, but a little less powerful.


Message History

You closely miss the giant cockroach. The giant cockroach closely misses you.
The giant cockroach bites you.
You take 1 damage, and have 25/26 hp.
You hit the giant cockroach.
The giant cockroach is severely wounded.
The giant cockroach bites you but does no damage.
You hit the giant cockroach.
The giant cockroach is almost dead.
The giant cockroach bites you but does no damage.
You hit the giant cockroach.
You kill the giant cockroach!
Okawaru accepts your kill.
You thump the kobold!
You kill the kobold!
Okawaru accepts your kill.
No target in view!
No target in view!
No target in view!
No target in view!
No target in view!
No target in view!
No target in view!
No target in view!
No target in view!
No target in view!
No target in view!
No target in view!
No target in view!
No target in view!
No target in view!
No target in view!
No target in view!
No target in view!
No target in view!
No target in view!
No target in view!
No target in view!
No target in view!
No target in view!
Found a stone staircase leading up.
You see here a giant cockroach corpse.
Health restored: 26 You butcher the giant cockroach corpse.
h - 2 chunks of flesh No target in view!
No target in view!
No target in view!
No target in view!
No target in view!
No target in view!
No target in view!
A worm comes into view.
Found a stone staircase leading down.
A worm is nearby!
The worm misses you.
You sock the worm!
The worm is heavily wounded.
Your ring mail prevents you from hitting the worm.
The worm is heavily wounded.
The worm bites you.
You take 6 damage, and have 20/26 hp.
MASSIVE DAMAGE!!
You sock the worm!
You kill the worm!
Okawaru accepts your kill.
You have reached level 5!
You feel agile.
You regained 3 hp, and now have 23/30 hp.
MP restored: 5 Unknown command.
A bat comes into view.
A bat is nearby!
A bat is nearby!
An orc comes into view.
The orc shouts! 2 orcs come into view.
The orc shouts!
The orc shouts!
An orc priest comes into view. It is wielding a mace.
An orc comes into view. It is wielding a hand axe.
The orc priest shouts!
The orc shouts!
The orc misses you.
The orc moves out of view.
You barely miss the orc. The orc barely misses you.
You closely miss the orc. The orc hits you with a club.
The orc priest calls down the wrath of Beogh upon you.
Beogh smites you!
* * * LOW HITPOINT WARNING * * *
You are too injured to fight recklessly!
You take 18 damage, and have 6/30 hp.
MASSIVE DAMAGE!!
You are too injured to fight recklessly!
You are too injured to fight recklessly!
You are too injured to fight recklessly!
You are too injured to fight recklessly!
You are too injured to fight recklessly!
As you read the scroll labeled NELLOA OMYU, it crumbles to dust.
You feel aware of your surroundings.
It was a scroll of magic mapping.
The orc closely misses you. The orc hits you but does no damage.
The orc completely misses you.
The orc priest calls down the wrath of Beogh upon you.
Beogh smites you!
You die...

██.██▓ ▓·▓▓▓·▓▓▓ █.=..█
███▓·▓▓▓·▓ ▓
█.[..███<█▓·····▓ ▓
█...?..█.███████▓▓▓
██......▲........···
█.......█.█...█▓▓▓▓▓
█..>..†.......▲·····
█.oo....█.█...█▓▓▓▓▓
▓▓▓█.o@....█.█...█ ▓▓▓
█...o███████.█...██▓▓··
▓█....██████.........▓··
█...·.........██████.▓··
█..··.██████.███████·▓··
█.····▓ █.........····
█·▓▓▓██████..███████·▓··
▓·▓··..............█·▓··
▓·▓·▓█████.(█......█·▓·▓


You could see an orc priest and 3 orcs.

Vanquished Creatures
  A gnoll (D:1)
  2 adders
  An ooze (D:1)
  2 worms (D:3)
  A leopard gecko (D:1)
  3 orcs (D:3)
  3 giant cockroaches
  10 goblins
  6 hobgoblins
  4 jackals (D:3)
  4 kobolds
  A quokka (D:2)
  A ball python (D:1)
  5 bats
  6 frilled lizards
  3 rats
53 creatures vanquished.

Notes
Turn   | Place    | Note
-------+----------+-------------------------------------------
     0 | D:1      | Goblin1989 the Kobold Gladiator began the quest for the Orb.
     0 | D:1      | Reached XP level 1. HP: 12/12 MP: 1/1
     0 | D:1      | Wingboner: https://dl2.pushbulletusercontent.com/HcAkonAGERDaHmule9eS6vthTGHuGTKm/Screenshot_2017-03-22-03-55-25-041_mobi.mgeek.TunnyBrowser.png
   187 | D:1      | Reached skill level 3 in Staves
   187 | D:1      | Reached XP level 2. HP: 10/17 MP: 2/2
   188 | D:1      | Wingboner: Вот это мне ещё не приехало: очки https://www.aliexpress.com/item/FiiT-VR-2S-Virtual-Reality-VR-Glasses-Mobile-Phone-3D-Video-Movie-Helmet-Cardboard-2-for/32657663043.html и кнопка https://www.aliexpress.com/item/Original-Xiaomi-Mikey-Mi-Key-Smart-Quick-Button-One-Click-Auxilary-Button-Gadget-Button-3-5mm/32335062720.html
   188 | D:1      | Goblin1989: ну виар технология не имеющая будущего, ИМХО
   188 | D:1      | Goblin1989: дополненная ральность - это да, круто
   188 | D:1      | Wingboner: Я взял для виртуального экрана. Фильмы, читать. Попробую, тем более реально недорого.
   188 | D:1      | Wingboner: $12 всего.
   188 | D:1      | Goblin1989: а, ну расскажешь впечатления :)
   188 | D:1      | Wingboner: https://play.google.com/store/apps/details?id=org.pocketworkstation.pckeyboard&hl=en — ссылка на приложение клавы, можешь заценить сам.
   188 | D:1      | Goblin1989: ок, посмотрю в обеденный перерыв
   188 | D:1      | Wingboner: Если автодополнением пользуешься, то словарь накатывать отдельно надо, ну там в приложении предложит в настройках.
   468 | D:1      | Goblin1989: лан, работать пора
   468 | D:1      | Wingboner: Успехов!
   468 | D:1      | Goblin1989: косо смотрят на меня все как-то
   468 | D:1      | Wingboner: Кек.
   514 | D:1      | Reached XP level 3. HP: 20/21 MP: 3/3
  1167 | D:1      | Reached skill level 4 in Staves
  1322 | D:2      | Found an iron altar of Okawaru.
  1336 | D:2      | Reached XP level 4. HP: 22/26 MP: 4/4
  1469 | D:2      | Became a worshipper of Warmaster Okawaru
  1526 | D:2      | Noticed Sigmund
  1531 | D:2      | Gained mutation: Your spells are a little easier to cast, but a little less powerful. [potion of mutation]
  1531 | D:2      | Gained mutation: You are partially covered in thin metallic scales. (AC +2) [potion of mutation]
  2332 | D:3      | Reached XP level 5. HP: 23/30 MP: 5/5
  2341 | D:3      | Killed from afar by an orc priest

Vault maps used:
D:1:      saegor_arrival_simple_f, minmay_misc_feat_alley,
          minmay_misc_feat_room, minmay_lizard_pond
D:2:      okawaru_ov_weapons_minmay, uniq_crazy_yiuf_cottage, uniq_sigmund
D:3:      first_bread, guppyfry_early_orc_mine

Skill      XL: |  1  2  3 |
---------------+----------+-----
Staves         | 3 4 |  4.8
Fighting       | |  2.1
Throwing       | |  2.1
Dodging        | |  3.6

Action                   |  1- 3 |  4- 6 || total
-------------------------+-------+-------++-------
Melee: Quarterstaff      |    89 |   127 ||   216
Throw: Throwing net      |     1 |       ||     1
  Use: Potion            |       |     1 ||     1
       Scroll            |       |     1 ||     1
  Eat: Chunk             |     8 |     5 ||    13
Armor: Leather armour    |    18 |       ||    18
       Ring mail         |       |    36 ||    36
Dodge: Dodged            |    85 |    84 ||   169

Vault maps used:
D:1:      saegor_arrival_simple_f, minmay_misc_feat_alley,
          minmay_misc_feat_room, minmay_lizard_pond
D:2:      okawaru_ov_weapons_minmay, uniq_crazy_yiuf_cottage, uniq_sigmund
D:3:      first_bread, guppyfry_early_orc_mine
